AoeStats
← kkkg

Arena

507063065Analyzed
2v2 RM · 15d ago on Sep 16, 2026· 38m 13s· 4 players
Game mode
Random Map
Map size
Medium (4 player)
Population
200
Speed
Normal
Resources
Standard
Victory
Conquest
Starting age
Dark Age
Ending age
Imperial Age
RankedLock teamsTeams togetherTeam positionsShared explorationLock speedFull tech treeHidden civsTurbo modeCheats
Victory
Defeat
🇪🇪 Lithuanians · Estonia
1097
+10
🇩🇪 Khmer · Germany
1021
+13
🇨🇳 Bulgarians · China
981
-12
🇨🇳 Maya · China
938
-11
Haggybaer
11:08 Feudal Age
12:51 Loom
15:31 Castle Age
14:46 Horse Collar
14:57 Double-Bit Axe
16:41 Bow Saw
17:25 Heavy Plow
20:58 Husbandry
21:08 Bloodlines
21:06 Scale Barding Armor
21:55 Light Cavalry
22:50 Forging
27:38 Wheelbarrow
27:02 Gold Mining
32:41 Imperial Age
30:46 Hand Cart
31:11 Chain Barding Armor
32:11 Town Watch
35:20 Double Crossbow
35:42 Conscription
35:12 Hussar
37:06 Plate Barding Armor
36:45 Fletching
37:02 Heavy Scorpion
NomeL™
10:11 Feudal Age
14:43 Castle Age
13:30 Double-Bit Axe
13:30 Horse Collar
16:43 Bow Saw
16:50 Gold Mining
17:38 Town Watch
18:09 Stone Mining
18:48 Loom
19:36 Scale Barding Armor
19:56 Heavy Plow
22:03 Forging
24:04 Husbandry
26:30 Bloodlines
29:55 Imperial Age
29:14 Chain Barding Armor
30:42 Iron Casting
29:58 Fletching
31:38 Wheelbarrow
31:56 Conscription
33:02 Plate Barding Armor
34:09 Hand Cart
34:06 Bodkin Arrow
34:42 Ballistics
37:05 Bracer
36:29 Cavalier
37:55 Elite Leitis
kkkg
11:40 Feudal Age
12:53 Double-Bit Axe
15:22 Castle Age
13:52 Horse Collar
17:26 Bow Saw
24:24 Wheelbarrow
24:15 Heavy Plow
25:46 Masonry
25:44 Gold Mining
25:45 Stone Mining
27:12 Hand Cart
27:48 Gold Shaft Mining
27:49 Stone Shaft Mining
28:00 Fletching
31:10 Imperial Age
28:27 Loom
28:28 Town Watch
29:58 Ballistics
30:14 Bodkin Arrow
32:19 Conscription
32:09 Squires
31:31 Pikeman
32:17 Gambesons
32:33 Squires
274555746
11:20 Feudal Age
16:37 Castle Age
18:31 Double-Bit Axe
21:26 Stone Mining
21:19 Horse Collar
22:34 Bow Saw
30:56 Imperial Age
29:54 Padded Archer Armor
30:06 Forging
30:16 Heavy Plow
29:42 Pikeman
30:23 Squires
30:17 Fletching
30:28 Scale Mail Armor
31:59 Gold Mining
32:49 Hul'che Javelineers
33:59 Stone Shaft Mining
33:43 Elite Skirmisher
34:57 Holcans
34:48 Conscription
39:08 Wheelbarrow
Connection lost

Rejoining the realm…

Still unreachable

The connection could not be restored.

Session expired

The server has moved on; the page needs a fresh start.